 Dungeon Crawl Stone Soup version 0.29.1-12-g30fa7ad0bf (webtiles) character file.

Game seed: 3739435237984582542

31 hawla the Firebug (level 3, -8/27 HPs)
             Began as a Meteoran Fire Elementalist on Jan 9, 2023.
             Mangled by a mummy (14 damage)
             ... in an ossuary.
             The game lasted 00:03:06 (419 turns).

hawla the Firebug (Meteoran Fire Elementalist)       Turns: 419, Time: 00:03:07

Health: -8/27      AC:  2    Str:  9    XL:     3   Next: 61%
Magic:  1/9        EV: 12    Int: 19    God:
Gold:   85         SH:  0    Dex: 14    Spells: 6/9 levels left

rFire   . . .      SeeInvis .   g - +2 mace (drain)
rCold   . . .      Faith    .   (no shield)
rNeg    . . .      Spirit   .   a - +0 robe
rPois   +          Reflect  .   (no helmet)
rElec   .          Harm     .   (no cloak)
rCorr   .          Rampage  .   (no gloves)
Will    .....                   (no boots)
Stlth   +.........              (no amulet)
HPRegen 0.09/turn               c - ring of poison resistance
MPRegen 0.11/turn               (no ring)

@: very slightly contaminated, glowing
A: sense surroundings 1, otherworldly, glowing, explore regen
a: no special abilities


You were in an ossuary.
You visited 1 branch of the dungeon, and saw 4 of its levels.
You also visited: Ossuary.

You collected 85 gold pieces.

Inventory:

Hand Weapons
 g - a +2 mace of draining (weapon)
Armour
 a - a +0 robe (worn)
Jewellery
 c - a ring of poison resistance (left hand)
Wands
 e - a wand of charming (1)
Scrolls
 f - 2 scrolls of identify
Potions
 b - a potion of magic
 d - a potion of haste {unknown}


   Skills:
 + Level 0.3 Fighting
 + Level 2.6 Dodging
 - Level 1.4 Stealth
 + Level 3.5 Spellcasting
 + Level 1.5 Conjurations
 + Level 4.2 Fire Magic


You had 6 spell levels left.
You knew the following spells:

 Your Spells              Type           Power      Damage    Failure   Level
a - Foxfire               Conj/Fire      56%        2x1d6     4%          1
b - Scorch                Fire           38%        2d6       3%          2

Your spell library contained the following spells:

 Spells                   Type           Power      Damage    Failure   Level
 Conjure Flame            Conj/Fire      14%        6-21      13%         3
 Inner Flame              Hex/Fire       11%        N/A       19%         3
 Flame Wave               Conj/Fire      14%        2d6       41%         4


Dungeon Overview and Level Annotations

Branches:
Dungeon (4/15) Zot: 1990  Ossuary (1/1) Zot: 590
 Temple: D:4-7

Altars:


Innate Abilities, Weirdness & Mutations

You passively map a small area around you.
You are easily found by Zot.
You glow in the dark.
You regain HP and MP as you explore.


Message History

You conjure some foxfire!
The foxfire hits the mummy.
The mummy is lightly damaged.
The foxfire hits the mummy.
The mummy is burned terribly!
The mummy is lightly damaged.
Casting: Foxfire (safe; 4% risk of failure)
Confirm with . or Enter, or press ? or * to list all spells.
Flames lash the mummy.
The mummy is burned terribly!
The mummy is heavily damaged.
The mummy's fire resistance burns away.
The foxfire hits the mummy!
The mummy is burned terribly!
The mummy is heavily damaged.
The foxfire hits the mummy but does no damage.
The mummy is heavily damaged.
Casting: Scorch (safe; 3% risk of failure)
Confirm with . or Enter, or press ? or * to list all spells.
You conjure some foxfire!
Casting: Foxfire (safe; 4% risk of failure)
Confirm with . or Enter, or press ? or * to list all spells.
You miscast Scorch.
You are very lightly contaminated with residual magic.
Nothing appears to happen.
The foxfire hits the mummy.
The mummy is burned terribly!
The mummy is severely damaged.
The foxfire hits the hobgoblin zombie.
The hobgoblin zombie is heavily damaged.
Casting: Scorch (safe; 3% risk of failure)
Confirm with . or Enter, or press ? or * to list all spells.
You conjure some foxfire!
The mummy closely misses you. The mummy hits you!
You barely miss the mummy.
The mummy is severely damaged.
The mummy is no longer more vulnerable to fire.
The foxfire hits the mummy.
The mummy is burned terribly!
The mummy is severely damaged.
The foxfire hits the hobgoblin zombie.
You destroy the hobgoblin zombie!
The mummy hits you!
* * * LOW HITPOINT WARNING * * *
The mummy closely misses you. The mummy hits you!
Ouch! That really hurt!
You die...

#####
##...##
#.....#
#.....#
#.....#
#.MMM.#
#..@..#
#.....#
#..∩..#
#.....#
#....^#
*#.^..^#
.^...^.*
##..^^.##
^ *


You could see 3 mummies.

Vanquished Creatures
  An adder (D:3)
  4 orcs (D:3)
  An endoplasm (D:4)
  3 giant cockroaches
  3 hobgoblins
  2 quokkas
  2 ball pythons
  A hobgoblin zombie (Ossuary)
17 creatures vanquished.

Vanquished Creatures (others)
  51 foxfires
  6 plants (D:3)
57 creatures vanquished.

Grand Total: 74 creatures vanquished

Notes
Turn   | Place    | Note
-------+----------+-------------------------------------------
     0 | D:1      | hawla the Meteoran Fire Elementalist began the quest for
                  | the Orb.
     0 | D:1      | Reached XP level 1. HP: 14/14 MP: 5/5
    80 | D:2      | Reached skill level 4 in Fire Magic
    80 | D:2      | Reached XP level 2. HP: 16/20 MP: 0/6
    96 | D:2      | Learned a level 2 spell: Scorch
   141 | D:3      | Reached XP level 3. HP: 26/26 MP: 0/8
   403 | D:4      | Found a sand-covered staircase.
   411 | Ossuary  | Entered an ossuary
   419 | Ossuary  | Mangled by a mummy

Illustrated notes

Levels and vault maps discovered:
D:1:      dpeg_arrival_shrine, layout_loops_ring, nicolae_ecumenical_lake_church
D:2:      layout_basic
D:3:      layout_rooms, mainiacjoe_overflow_cross_hatched, minmay_quantized,
          uniq_crazy_yiuf_cottage
D:4:      layout_loops_ring, nicolae_qazlal_scattered_showers, enter_ossuary_2,
          kennysheep_donut, kennysheep_opposing_triangles
Ossuary:  ossuary_the_hunt_dpeg

Skill      XL: |  1  2 |
---------------+-------+-----
Fire Magic     | 4 |  4.2
Spellcasting   | 3 |  3.5
Fighting       | |  0.3
Dodging        | |  2.6
Stealth        | |  1.4
Conjurations   | |  1.5

Action                   || total
-------------------------++-------
Melee: Unarmed           ||     8
       Punch             ||     1
       Mace              ||     1
 Cast: Foxfire           ||    29
       Scorch            ||     3
  Use: Scroll            ||     6
Armor: Robe              ||     4
Dodge: Dodged            ||    26
